[Event "Titled Tuesday Blitz February 22 Early 2022"]
[White "Toncheva, Nadya"]
[Black "Hua, Lefong"]
[WhiteFideId "2924056"]
[BlackFideId "2602253"]
[WhiteElo "1920"]
[BlackElo "2565"]
[Result "0-1"]
[Round "08"]
[TimeControl "180+1"]
[Date "2022.02.22"]
[WhiteClock "0:00:05"]
[BlackClock "0:01:49"]

1. d4 Nf6 2. c4 g6 3. Nc3 Bg7 4. e4 d6 5. Be2 O-O 6. Bg5 c5 7. d5 h6 8. Be3 e6 9. Qd2 Kh7 10. h4 exd5 11. exd5 Re8 12. Kf1 Nbd7 13. Nf3 Ne5 14. Nxe5 Rxe5 15. Re1 Bf5 16. Bf4 Ne4 17. Nxe4 Rxe4 18. g3 Qd7 19. Kg2 Rae8 20. b3 Qe7 21. Be3 Bd4 22. Bf3 Bxe3 23. fxe3 Rxe3 24. Rxe3 Qxe3 25. Qxe3 Rxe3 26. Kf2 Rc3 27. Re1 Rc2+ 28. Re2 Rxe2+ 29. Bxe2 Bb1 30. a3 a5 31. Bd1 Kg7 32. Ke3 Kf6 33. Kd2 Ke5 34. Ke3 f5 35. a4 g5 36. hxg5 hxg5 37. Ke2 f4 38. gxf4+ gxf4 39. Kf3 Be4+ 40. Kf2 Kd4 41. Ke2 0-1


[Site "https://www.chess.com"]

[Event "Titled Tuesday Blitz February 22 Early 2022"]
[White "Tregubov, Pavel V."]
[Black "Kovalenko, Igor"]
[WhiteFideId "4115341"]
[BlackFideId "14117908"]
[WhiteElo "2341"]
[BlackElo "2560"]
[Result "0-1"]
[Round "08"]
[TimeControl "180+1"]
[Date "2022.02.22"]
[WhiteClock "0:00:05"]
[BlackClock "0:00:21"]

1. e4 c5 2. Nf3 e6 3. c3 d5 4. exd5 Qxd5 5. d4 Nf6 6. Be2 Be7 7. O-O O-O 8. c4 Qd7 9. dxc5 Bxc5 10. Nc3 b6 11. a3 a5 12. Na4 Ba6 13. Nxc5 bxc5 14. Be3 Qc7 15. h3 Nbd7 16. Qc2 Rfb8 17. Rfd1 Rb6 18. Bd2 Bb7 19. Bc3 Be4 20. Qc1 h6 21. Qe3 Qb7 22. Rd2 Bc6 23. Rad1 a4 24. Bxf6 Nxf6 25. Qxc5 Be8 26. Qe5 Rc8 27. Nd4 Rxb2 28. Nb5 Rxd2 29. Rxd2 Qe4 30. Qxe4 Nxe4 31. Rd4 Nc5 32. Bd1 Kf8 33. f4 Ke7 34. Kf2 Rb8 35. Be2 Bc6 36. g3 g5 37. Ke3 gxf4+ 38. Rxf4 Rg8 39. g4 e5 40. Rf5 f6 41. Rh5 Rh8 42. Nc7 Ne6 43. Nxe6 Kxe6 44. Bd3 Be8 45. Rf5 Bg6 46. Rf1 Bxd3 47. Kxd3 h5 48. gxh5 Rxh5 49. Rf3 Rh4 50. Kc3 f5 51. Kb4 e4 52. Rc3 f4 53. c5 f3 54. Kb5 f2 55. Rc1 e3 56. c6 e2 57. c7 Rh8 58. Kc6 e1=Q 0-1


[Site "https://www.chess.com"]

[Event "Titled Tuesday Blitz February 22 Early 2022"]
[White "Tymrakiewicz, Rafal"]
[Black "Ginzburg, Yakov"]
[WhiteFideId "1108832"]
[BlackFideId "4157176"]
[WhiteElo "2205"]
[BlackElo "2265"]
[Result "1-0"]
[Round "08"]
[TimeControl "180+1"]
[Date "2022.02.22"]
[WhiteClock "0:00:23"]
[BlackClock "0:00:35"]

1. e4 c5 2. c3 d5 3. exd5 Qxd5 4. d4 Nf6 5. Nf3 Bg4 6. Be2 e6 7. O-O cxd4 8. cxd4 Be7 9. h3 Bh5 10. Nc3 Qd8 11. Bb5+ Nbd7 12. g4 Bg6 13. g5 Nd5 14. Nxd5 exd5 15. Ne5 Bf5 16. Qf3 O-O 17. Qxf5 Nxe5 18. dxe5 g6 19. Qg4 Rc8 20. Be3 a6 21. Bd3 d4 22. Bd2 Rc5 23. Rae1 Qc7 24. f4 Rc2 25. Bxc2 Qxc2 26. Re2 d3 27. Rg2 Qxb2 28. h4 Qd4+ 29. Kh1 Rd8 30. h5 Qd5 31. Qf3 Qxa2 32. f5 gxf5 33. Qxf5 Rd4 34. Bf4 d2 35. g6 hxg6 36. hxg6 f6 37. exf6 d1=Q 38. f7+ Kg7 39. f8=Q+ Bxf8 40. Be5+ Kh6 41. Qxf8+ Kh5 42. Qh8# 1-0


[Site "https://www.chess.com"]

[Event "Titled Tuesday Blitz February 22 Early 2022"]
[White "Unat, Can Haktan"]
[Black "Magallanes, Rey Jomar"]
[WhiteFideId "6398073"]
[BlackFideId "5205948"]
[WhiteElo "1980"]
[BlackElo "2236"]
[Result "1-0"]
[Round "08"]
[TimeControl "180+1"]
[Date "2022.02.22"]
[WhiteClock "0:02:35"]
[BlackClock "0:02:00"]

1. e4 c5 2. Nf3 d6 3. d4 cxd4 4. Nxd4 Nf6 5. f3 e5 6. Bb5+ Bd7 7. Bxd7+ Nbxd7 8. Nf5 Qc7 9. Bg5 h6 10. Bxf6 Nxf6 11. Nc3 Rc8 12. O-O Be7 13. Nxg7+ Kf8 14. Nf5 Qb6+ 15. Kh1 Qxb2 16. Nd5 Nxd5 17. Qxd5 Rxc2 18. Rab1 Qxa2 19. Rxb7 Qxd5 20. Rb8+ Rc8 21. Rxc8+ Bd8 22. Rxd8# 1-0


[Site "https://www.chess.com"]

[Event "Titled Tuesday Blitz February 22 Early 2022"]
[White "Urazayev, Arystanbek"]
[Black "Vlassov, Nikolai"]
[WhiteFideId "13709810"]
[BlackFideId "4103360"]
[WhiteElo "2321"]
[BlackElo "2407"]
[Result "1/2-1/2"]
[Round "08"]
[TimeControl "180+1"]
[Date "2022.02.22"]
[WhiteClock "0:00:05"]
[BlackClock "0:00:02"]

1. e4 Nc6 2. Nf3 d5 3. exd5 Qxd5 4. Nc3 Qa5 5. Bc4 Bg4 6. h3 Bh5 7. d3 O-O-O 8. Bd2 Nf6 9. Nd5 Qc5 10. Be3 Qd6 11. Nxf6 gxf6 12. g4 Bg6 13. Qe2 Na5 14. Bb3 h5 15. O-O-O Nxb3+ 16. axb3 e5 17. Nh4 hxg4 18. Nxg6 fxg6 19. hxg4 Bg7 20. Qf3 Qa6 21. Kb1 Qe6 22. Rdg1 a6 23. b4 c6 24. Bb6 Rxh1 25. Rxh1 Rh8 26. Rxh8+ Bxh8 27. Qh3 Bg7 28. f3 Kd7 29. Bc5 f5 30. gxf5 gxf5 31. c4 Qf6 32. Qg2 Ke6 33. Ka2 Kf7 34. Qh2 b5 35. Qc2 Qe6 36. Kb1 bxc4 37. dxc4 e4 38. fxe4 Qxe4 39. Qxe4 fxe4 40. Kc2 Ke6 41. b3 Kf5 42. Kd2 Kf4 43. Ke2 Bc3 44. Bd6+ Kf5 45. Bc5 Ke5 46. Ke3 Bb2 47. Bb6 Bc1+ 48. Ke2 Bb2 49. Ke3 Bc1+ 50. Ke2 Bb2 51. Bd8 Ba3 52. Ba5 Kd4 53. Kd2 e3+ 54. Ke2 Bc1 55. Kd1 Bd2 56. Ke2 Bc1 57. Kd1 Ba3 58. Kc2 c5 59. b5 axb5 60. cxb5 c4 61. b6 cxb3+ 62. Kxb3 Bd6 63. b7 e2 64. Kc2 Kc5 65. Kd3 Kc6 66. Be1 Kxb7 67. Kxe2 1/2-1/2


[Site "https://www.chess.com"]

[Event "Titled Tuesday Blitz February 22 Early 2022"]
[White "Van Foreest, Jorden"]
[Black "Jones, Gawain C B"]
[WhiteFideId "1039784"]
[BlackFideId "409561"]
[WhiteElo "2609"]
[BlackElo "2657"]
[Result "1/2-1/2"]
[Round "08"]
[TimeControl "180+1"]
[Date "2022.02.22"]
[WhiteClock "0:00:20"]
[BlackClock "0:00:19"]

1. e4 e5 2. Nf3 Nc6 3. Bb5 a6 4. Bxc6 dxc6 5. d3 Bd6 6. Nbd2 Ne7 7. Nc4 Ng6 8. O-O Be6 9. Nxd6+ cxd6 10. Ng5 Qe7 11. Nxe6 Qxe6 12. f4 exf4 13. Bxf4 Nxf4 14. Rxf4 Qe5 15. Qf3 Qxb2 16. Rf1 f6 17. Qh5+ Kd8 18. Qf7 Qb6+ 19. Kh1 Qc7 20. Qb3 Re8 21. d4 Qe7 22. e5 Kc7 23. exf6 gxf6 24. h3 Rf8 25. Qf3 Rae8 26. Qh5 Kb6 27. a4 Ka7 28. a5 d5 29. Kh2 Qc7 30. Kh1 Qxa5 31. Qxh7 Qd2 32. Kh2 Re2 33. Qg7 Rfe8 34. Rxf6 Qxd4 35. Rf7 Qxg7 36. Rxg7 Rxc2 37. h4 d4 38. Rd7 Re4 39. Rb1 Rxh4+ 40. Kg3 Rh8 41. Rbxb7+ Ka8 42. Ra7+ Kb8 43. Rdb7+ Kc8 44. Rg7 Kb8 45. Rgb7+ Kc8 46. Rc7+ Kb8 47. Rab7+ Ka8 48. Ra7+ Kb8 49. Rcb7+ 1/2-1/2


[Site "https://www.chess.com"]

[Event "Titled Tuesday Blitz February 22 Early 2022"]
[White "Vidit, Santosh Gujrathi"]
[Black "Jobava, Baadur"]
[WhiteFideId "5029465"]
[BlackFideId "13601520"]
[WhiteElo "2654"]
[BlackElo "2617"]
[Result "0-1"]
[Round "08"]
[TimeControl "180+1"]
[Date "2022.02.22"]
[WhiteClock "0:00:17"]
[BlackClock "0:00:08"]

1. d4 d5 2. c4 c6 3. Nf3 Nf6 4. Nc3 dxc4 5. a4 Bf5 6. Ne5 Nbd7 7. Nxc4 Qc7 8. g3 Rd8 9. Bf4 Qc8 10. Bg2 Nb6 11. Nxb6 axb6 12. O-O e6 13. e4 Bg4 14. Qd3 Bc5 15. Be5 Bxd4 16. Bxd4 e5 17. Nd5 exd4 18. Nxb6 Qc7 19. Nc4 O-O 20. e5 Nd7 21. Qxd4 Be2 22. Rfe1 Bxc4 23. Qxc4 Nxe5 24. Qc3 Rfe8 25. b4 h5 26. b5 Re7 27. a5 Rde8 28. bxc6 bxc6 29. a6 Qa7 30. h3 h4 31. g4 Ng6 32. Rxe7 Rxe7 33. Qxc6 Qd4 34. Rf1 Nf4 35. Qc8+ Kh7 36. Qf5+ g6 37. Qg5 Ra7 38. Qxh4+ Kg7 39. Bb7 Rxb7 40. axb7 Qd5 41. f3 Qxb7 42. Qg3 Ne2+ 43. Kg2 Nxg3 44. Kxg3 g5 45. Kg2 Kf6 46. Re1 Qb2+ 47. Kg3 Qb8+ 48. Kg2 Qb2+ 49. Kg3 Qc3 50. Re4 Qc1 51. Kg2 Kg6 52. Re2 f5 53. gxf5+ Kxf5 54. Re4 Qd2+ 55. Kg3 Qb2 56. h4 gxh4+ 57. Rxh4 Qe5+ 58. Kg2 Qe2+ 59. Kg3 Qe1+ 60. Kh3 Qf1+ 61. Kg3 Qg1+ 62. Kh3 Qf2 63. Rh5+ Kf4 64. Rh4+ Ke3 65. Re4+ Kd3 66. Kg4 Qg2+ 67. Kf4 Qg7 68. Re3+ Kd4 69. Re4+ Kd5 70. Ke3 Qg3 71. Ke2 Qg2+ 72. Ke3 Qh2 73. Rd4+ Ke5 74. Re4+ Kf5 75. Rg4 Qh1 76. Kf2 Qh2+ 77. Rg2 Qh4+ 78. Ke2 Qc4+ 79. Kf2 Qc2+ 80. Kg3 Qc1 81. Re2 Qg1+ 82. Rg2 Qe1+ 83. Rf2 Kg5 84. Kg2 Kf4 85. Rc2 Qb4 86. Re2 Qb7 87. Re4+ Kf5 88. Kg3 Qb2 89. Rf4+ Ke5 90. Re4+ Kd5 91. Rg4 Qe5+ 92. Kf2 Qh2+ 93. Ke3 Qh1 94. Rd4+ Kc5 95. Re4 Qe1+ 96. Kf4 Qf2 97. Kg4 Kd5 98. Kf4 Qg1 99. Re5+ Kd4 100. Re4+ Kd3 101. Ke5 Qg5+ 102. Ke6 Kd2 103. f4 Qg6+ 104. Ke5 Qe8+ 105. Kd4 Qd7+ 106. Ke5 Kd3 0-1


[Site "https://www.chess.com"]

[Event "Titled Tuesday Blitz February 22 Early 2022"]
[White "Vine, Elzbieta"]
[Black "Tuleyeva-Aketayeva, Dana"]
[WhiteFideId "1119320"]
[BlackFideId "13701932"]
[WhiteElo "1884"]
[BlackElo "1944"]
[Result "0-1"]
[Round "08"]
[TimeControl "180+1"]
[Date "2022.02.22"]
[WhiteClock "0:00:03"]
[BlackClock "0:00:01"]

1. e4 c5 2. Nf3 Nc6 3. d4 cxd4 4. Nxd4 g6 5. Be3 Bg7 6. Nc3 d6 7. Qd2 Nf6 8. f3 d5 9. O-O-O O-O 10. h4 h5 11. Kb1 Nxd4 12. Bxd4 dxe4 13. fxe4 Bg4 14. Be2 Bxe2 15. Qxe2 Qa5 16. e5 Ng4 17. e6 Bxd4 18. Rxd4 Qe5 19. exf7+ Rxf7 20. Qc4 Kg7 21. a3 Nf2 22. Rf1 Raf8 23. Nd5 e6 24. Ne3 Qxe3 25. Qb4 e5 26. Re1 Qf4 27. Rxf4 Rxf4 28. Qxb7+ R8f7 29. Qb5 e4 30. Qe5+ Kh7 31. Ka2 R7f5 32. Qc7+ Rf7 33. Qc5 Ng4 34. b4 e3 35. Rd1 Rf2 36. Rd8 e2 37. Re8 Rf1 0-1


[Site "https://www.chess.com"]

[Event "Titled Tuesday Blitz February 22 Early 2022"]
[White "Voege, Tobias"]
[Black "Pavlidou, Ekaterini"]
[WhiteFideId "1270513"]
[BlackFideId "4213262"]
[WhiteElo "2335"]
[BlackElo "2127"]
[Result "1-0"]
[Round "08"]
[TimeControl "180+1"]
[Date "2022.02.22"]
[WhiteClock "0:02:32"]
[BlackClock "0:02:16"]

1. d4 Nf6 2. c4 g6 3. Nc3 Bg7 4. Nf3 d6 5. Bg5 O-O 6. e3 Nbd7 7. Be2 h6 8. Bh4 c6 9. O-O e5 10. a3 Re8 11. dxe5 dxe5 12. b4 Qc7 13. c5 Nf8 14. Nd2 Be6 15. Nc4 b6 16. Nd6 Red8 17. Qc2 bxc5 18. bxc5 N6d7 19. Bxd8 Rxd8 20. Na4 Qa5 21. Nb7 Qb5 1-0


[Site "https://www.chess.com"]

[Event "Titled Tuesday Blitz February 22 Early 2022"]
[White "Vusatiuk, Vladimir"]
[Black "Singh, Ojasva"]
[WhiteFideId "14118610"]
[BlackFideId "25681958"]
[WhiteElo "2157"]
[BlackElo "1741"]
[Result "1/2-1/2"]
[Round "08"]
[TimeControl "180+1"]
[Date "2022.02.22"]
[WhiteClock "0:00:30"]
[BlackClock "0:00:21"]

1. d4 d5 2. c4 c6 3. Nc3 Nf6 4. Nf3 e6 5. e3 Nbd7 6. Qc2 Bd6 7. Bd3 dxc4 8. Bxc4 O-O 9. O-O Qe7 10. e4 e5 11. Bg5 exd4 12. Nxd4 Ne5 13. Bb3 h6 14. Bh4 Ng6 15. Bg3 Bxg3 16. hxg3 Qc5 17. Rad1 Bg4 18. f3 Rad8 19. Qf2 Bc8 20. Rfe1 Ne5 21. Na4 Qa5 22. Qd2 Qxd2 23. Rxd2 b5 24. Nc5 Nfd7 25. Nxd7 Rxd7 26. f4 Rfd8 27. fxe5 Rxd4 28. Rxd4 Rxd4 29. Rc1 Bd7 30. Rf1 Be6 31. Bxe6 fxe6 32. Rc1 Rxe4 33. Rxc6 Rxe5 34. Ra6 Re2 35. b3 e5 36. Rxa7 e4 37. Ra5 e3 38. Rxb5 Rxa2 39. Re5 e2 40. Kf2 Rb2 41. Re3 Kh7 42. Rxe2 Rxb3 43. Re4 Kg6 44. Rg4+ Kf6 1/2-1/2


[Site "https://www.chess.com"]

[Event "Titled Tuesday Blitz February 22 Early 2022"]
[White "Wartiovaara, Oliver"]
[Black "Gatterer, Florian"]
[WhiteFideId "513024"]
[BlackFideId "811688"]
[WhiteElo "1971"]
[BlackElo "2218"]
[Result "0-1"]
[Round "08"]
[TimeControl "180+1"]
[Date "2022.02.22"]
[WhiteClock "0:00:02"]
[BlackClock "0:00:27"]

1. e4 e5 2. Nf3 Nc6 3. Bc4 Bc5 4. c3 Nf6 5. d3 d6 6. O-O a5 7. Re1 O-O 8. h3 h6 9. d4 Bb6 10. Bb3 Re8 11. Bc2 exd4 12. cxd4 d5 13. e5 Ne4 14. Nc3 Bf5 15. Nxe4 Bxe4 16. Bxe4 dxe4 17. Rxe4 Qd5 18. Rg4 Kh8 19. Be3 Rad8 20. Qd2 Re6 21. Rc1 a4 22. a3 Ba5 23. Qd3 Nxe5 24. Nxe5 Rxe5 25. Qc2 Re6 26. Qxa4 Bb6 27. Qc4 Qd7 28. b4 Rc6 29. Qb3 Rxc1+ 30. Bxc1 Bxd4 31. Be3 Bxe3 32. Qxe3 b6 33. Kh2 Qd6+ 34. g3 Qd7 35. Re4 Rf8 36. Re7 Qd6 37. Kg2 c5 0-1


[Site "https://www.chess.com"]

[Event "Titled Tuesday Blitz February 22 Early 2022"]
[White "Weishaeutel, Moritz"]
[Black "Mikhailovsky, Vladimir"]
[WhiteFideId "12967300"]
[BlackFideId "34105414"]
[WhiteElo "2002"]
[BlackElo "2371"]
[Result "1-0"]
[Round "08"]
[TimeControl "180+1"]
[Date "2022.02.22"]
[WhiteClock "0:00:20"]
[BlackClock "0:00:05"]

1. e4 Nf6 2. Nc3 d5 3. e5 Nfd7 4. e6 fxe6 5. d4 g6 6. h4 c5 7. h5 Bg7 8. hxg6 hxg6 9. Rxh8+ Bxh8 10. Qg4 Nf8 11. dxc5 e5 12. Qf3 Be6 13. Bh6 Bf6 14. O-O-O d4 15. Qxb7 Nbd7 16. Nb5 Rb8 17. Nc7+ Kf7 18. Nxe6 Nxe6 19. Qc6 Rc8 20. Qd5 Rxc5 21. Qb3 Nb6 22. Kb1 a5 23. a4 Qc7 24. Bd3 Nd5 25. Ne2 Qc6 26. Be4 Qd6 27. Qd3 Nf8 28. Bxf8 Kxf8 29. Bxg6 Nb4 30. Qb3 Bg5 31. Qf7# 1-0


[Site "https://www.chess.com"]

[Event "Titled Tuesday Blitz February 22 Early 2022"]
[White "Yeletsky, Ivan"]
[Black "Zavgorodniy, Sergiy"]
[WhiteFideId "24180327"]
[BlackFideId "14110148"]
[WhiteElo "2348"]
[BlackElo "2420"]
[Result "1-0"]
[Round "08"]
[TimeControl "180+1"]
[Date "2022.02.22"]
[WhiteClock "0:00:25"]
[BlackClock "0:00:02"]

1. e4 e5 2. Nf3 d6 3. d4 exd4 4. Qxd4 Nc6 5. Bb5 Bd7 6. Bxc6 Bxc6 7. Nc3 Nf6 8. Bg5 Be7 9. O-O-O O-O 10. h4 Re8 11. Rhe1 h6 12. Bf4 Nd7 13. Qd2 Bxh4 14. g4 Ne5 15. Nxh4 Qxh4 16. Rh1 Qe7 17. g5 Qe6 18. gxh6 g6 19. h7+ Kh8 20. Qd4 f6 21. Bg3 g5 22. Kb1 Re7 23. Rh6 Rxh7 24. Rxh7+ Kxh7 25. f4 Ng4 26. Rh1+ Kg8 27. fxg5 Re8 28. gxf6 Bxe4 29. f7+ Kxf7 30. Rf1+ Kg6 31. Re1 d5 32. b3 Qf5 33. Kb2 Qf6 34. Qxf6+ Nxf6 35. Bxc7 Rc8 36. Be5 Kf5 37. Bd4 Ng4 38. Bxa7 b5 39. a3 Kf4 40. Bd4 Kf3 41. Rf1+ Kg2 42. Rf4 Kg3 43. Rf7 Nh2 44. Be5+ 1-0


[Site "https://www.chess.com"]

[Event "Titled Tuesday Blitz February 22 Early 2022"]
[White "Yuan, Qingyu"]
[Black "Demchenko, Anton"]
[WhiteFideId "8609772"]
[BlackFideId "4160258"]
[WhiteElo "2359"]
[BlackElo "2539"]
[Result "1-0"]
[Round "08"]
[TimeControl "180+1"]
[Date "2022.02.22"]
[WhiteClock "0:00:03"]
[BlackClock "0:00:02"]

1. Nf3 Nf6 2. g3 g6 3. b3 Bg7 4. Bb2 d6 5. d4 b5 6. Bg2 Bb7 7. Nbd2 O-O 8. O-O Nbd7 9. e3 c5 10. Qe2 Qb6 11. c4 bxc4 12. Nxc4 Qa6 13. Rfe1 Rab8 14. dxc5 Nxc5 15. Bd4 Rfc8 16. Bxc5 Rxc5 17. Nd4 Bxg2 18. Kxg2 Qb7+ 19. Qf3 Ne4 20. Rad1 d5 21. Nd2 Nc3 22. Rc1 e5 23. Ne2 e4 24. Qg4 h5 25. Qh3 Rbc8 26. Nd4 Nxa2 27. Rxc5 Rxc5 28. Ra1 Bxd4 29. Rxa2 Bc3 30. Rc2 Qb5 31. Qh4 Qd3 32. Ra2 a5 33. Qd8+ Kg7 34. Qd6 Bb4 35. Qe5+ Kh7 36. Qe7 Qc3 37. Qxf7+ Qg7 38. Qf4 Rc7 39. Nf1 Rf7 40. Qg5 Rf5 41. Qd8 Qf7 42. h4 Re5 43. Nh2 Re8 44. Qb6 Rf8 45. Rc2 Qf6 46. Qb7+ Rf7 47. Qxd5 Qf5 48. Qxf5 gxf5 49. Rc6 Rd7 50. Nf1 Rd3 51. Rf6 Rxb3 52. Rxf5 a4 53. Rxh5+ Kg6 54. Rg5+ Kf7 55. Rb5 Rb2 56. Nh2 a3 57. Rb7+ Ke6 58. Ra7 a2 59. h5 Bc5 60. Ra6+ Kf7 61. h6 Bf8 62. Ng4 1-0


[Site "https://www.chess.com"]

[Event "Titled Tuesday Blitz February 22 Early 2022"]
[White "Yushko, Olga"]
[Black "Vakhlamov, Igor L."]
[WhiteFideId "14114500"]
[BlackFideId "24126748"]
[WhiteElo "2028"]
[BlackElo "2401"]
[Result "0-1"]
[Round "08"]
[TimeControl "180+1"]
[Date "2022.02.22"]
[WhiteClock "0:01:59"]
[BlackClock "0:02:06"]

1. d4 e6 2. c4 f5 3. g3 Nf6 4. Bg2 d5 5. Nd2 Nc6 6. e3 Ne4 7. Nh3 h5 8. O-O h4 9. f3 Nf6 10. cxd5 exd5 11. Nb3 Bd6 12. Qe1 hxg3 13. hxg3 Nh5 14. e4 Bxg3 15. Qe2 dxe4 16. fxe4 Nxd4 17. Nxd4 Qxd4+ 18. Be3 Qe5 19. exf5 Bh2+ 20. Kf2 Qg3# 0-1


[Site "https://www.chess.com"]

[Event "Titled Tuesday Blitz February 22 Early 2022"]
[White "Zaksaite, Salomeja"]
[Black "Purtseladze, Maka"]
[WhiteFideId "12801496"]
[BlackFideId "13602659"]
[WhiteElo "2002"]
[BlackElo "2192"]
[Result "1-0"]
[Round "08"]
[TimeControl "180+1"]
[Date "2022.02.22"]
[WhiteClock "0:00:06"]
[BlackClock "0:00:17"]

1. e4 e6 2. d4 d5 3. Nc3 Nf6 4. e5 Nfd7 5. f4 c5 6. Nf3 Nc6 7. Be3 a6 8. Qd2 b5 9. a3 Bb7 10. Be2 cxd4 11. Nxd4 Nc5 12. O-O g6 13. Bf3 Be7 14. Rad1 Nxd4 15. Bxd4 O-O 16. Qe3 Rc8 17. g4 Nd7 18. f5 Bg5 19. Qe2 exf5 20. gxf5 Re8 21. e6 fxe6 22. fxe6 Nf8 23. Bg4 Qd6 24. Be5 Qb6+ 25. Bd4 Qd6 26. Qf3 Qf4 27. Qxf4 Bxf4 28. Rxf4 Nxe6 29. Bxe6+ Rxe6 30. Kf2 Rce8 31. Rf3 a5 32. Re3 b4 33. axb4 axb4 34. Rxe6 Rxe6 35. Ne2 Ba6 36. Rd2 Re4 37. Be3 Bb7 38. Rd4 Kf7 39. Rxe4 dxe4 40. Kg3 Kf6 41. h4 Ke5 42. Bc5 b3 43. cxb3 Ba6 44. Kf2 Kd5 45. Bf8 Ke5 46. Ke3 Kf5 47. b4 Kg4 48. Be7 h6 49. Nd4 g5 50. hxg5 hxg5 51. b5 Bb7 52. b6 Kh3 53. Bxg5 Kg4 54. Bf4 Kh5 55. Ne6 Kg6 56. Nc5 Bc6 57. b7 Bxb7 58. Nxb7 Kf5 59. Nc5 Kf6 60. b4 Ke7 61. b5 Kd8 62. b6 Kc8 63. b7+ 1-0


[Site "https://www.chess.com"]

[Event "Titled Tuesday Blitz February 22 Early 2022"]
[White "Zanette, Edgard Vinicius"]
[Black "Politov, Pavel Y."]
[WhiteFideId "2109263"]
[BlackFideId "24110515"]
[WhiteElo "2182"]
[BlackElo "2090"]
[Result "1-0"]
[Round "08"]
[TimeControl "180+1"]
[Date "2022.02.22"]
[WhiteClock "0:00:04"]
[BlackClock "0:00:02"]

1. e4 c5 2. Nc3 d6 3. f4 g6 4. Nf3 Bg7 5. Bc4 Nc6 6. O-O e6 7. d3 Nd4 8. Nxd4 cxd4 9. Ne2 d5 10. exd5 exd5 11. Bb3 Ne7 12. Ng3 O-O 13. Qf3 a5 14. a4 Qc7 15. Bd2 Be6 16. Rae1 Rac8 17. Re2 b6 18. Rfe1 Qd7 19. h3 h5 20. Kh2 h4 21. Nf1 Nf5 22. g4 hxg3+ 23. Nxg3 Nxg3 24. Qxg3 Bf6 25. Rxe6 fxe6 26. Qxg6+ Qg7 27. Qxg7+ Bxg7 28. Rxe6 Rf6 29. Bxd5 Kh7 30. Be4+ Kg8 31. Bd5 Kf8 32. Rxf6+ Bxf6 33. Bb3 Ke7 34. Kg2 Kd6 35. Kf3 Ke7 36. f5 Kd6 37. Bf4+ Be5 38. Bg5 Rg8 39. Bxg8 Kd7 40. Bc4 Ke8 41. Ke4 Bc7 42. h4 Kf8 43. Kxd4 Bd6 44. h5 Bc5+ 45. Kd5 Bf2 46. d4 Be1 47. c3 b5 48. axb5 Bg3 49. b6 a4 50. b7 a3 51. bxa3 Bb8 52. h6 Kg8 53. Ke6 Kh8 54. Kf6 Bc7 55. Kg6 Bd8 56. Bf4 Bc7 57. Be3 Bf4 58. Bd3 Be5 59. dxe5 Kg8 60. b8=Q# 1-0


[Site "https://www.chess.com"]

[Event "Titled Tuesday Blitz February 22 Early 2022"]
[White "Zavivaeva, Emilia"]
[Black "Mayaud, Raphael"]
[WhiteFideId "34127531"]
[BlackFideId "627151"]
[WhiteElo "1685"]
[BlackElo "2191"]
[Result "0-1"]
[Round "08"]
[TimeControl "180+1"]
[Date "2022.02.22"]
[WhiteClock "0:01:23"]
[BlackClock "0:01:12"]

1. e4 d5 2. exd5 Qxd5 3. Nf3 Bg4 4. Be2 Nc6 5. O-O O-O-O 6. c3 e5 7. d3 f5 8. Bg5 Be7 9. Bxe7 Ngxe7 10. Nbd2 Kb8 11. Qc2 h5 12. c4 Qg8 13. h3 Bxf3 14. Bxf3 g5 15. Bd5 Nxd5 16. cxd5 Qxd5 17. Nf3 g4 18. hxg4 hxg4 19. Ng5 Nd4 20. Qa4 Ne2# 0-1


[Site "https://www.chess.com"]

[Event "Titled Tuesday Blitz February 22 Early 2022"]
[White "Zheenbekov, Nurgazy"]
[Black "Potapova, Margarita"]
[WhiteFideId "13800485"]
[BlackFideId "14126869"]
[WhiteElo "1959"]
[BlackElo "2209"]
[Result "0-1"]
[Round "08"]
[TimeControl "180+1"]
[Date "2022.02.22"]
[WhiteClock "0:00:05"]
[BlackClock "0:00:05"]

1. e4 c5 2. Nf3 d6 3. Bb5+ Nd7 4. O-O a6 5. Be2 Ngf6 6. d3 g6 7. Re1 Bg7 8. Bf1 O-O 9. h3 b5 10. a4 Bb7 11. Bg5 e5 12. Qc1 Re8 13. Bh6 Bh8 14. Nbd2 Nh5 15. g3 Nf8 16. Bg2 Ne6 17. c3 Rc8 18. Nf1 Bg7 19. axb5 axb5 20. h4 Ra8 21. Rxa8 Qxa8 22. N1h2 f6 23. Bxg7 Kxg7 24. Ng4 Kg8 25. Qh6 Qd8 26. Ra1 Qe7 27. Bh3 Ra8 28. Rxa8+ Bxa8 29. Qc1 d5 30. Nd2 dxe4 31. dxe4 f5 32. Nh6+ Kg7 33. exf5 Qb7 34. f3 Nxg3 35. Qe1 Kxh6 36. fxe6 Nh5 37. Qxe5 Qe7 38. Bg4 Qxh4 39. e7 Bc6 40. Qe3+ Kg7 41. e8=Q Bxe8 42. Qxe8 Qg3+ 43. Kf1 Nf4 44. Qe5+ Kh6 45. Qe3 Qg2+ 46. Ke1 g5 47. Nf1 Qxb2 48. Ng3 Ng2+ 49. Kf1 Nxe3+ 50. Ke1 Ng2+ 0-1


[Site "https://www.chess.com"]

[Event "Titled Tuesday Blitz February 22 Early 2022"]
[White "Zhigalko, Sergei"]
[Black "Arabidze, Meri"]
[WhiteFideId "13502956"]
[BlackFideId "13604040"]
[WhiteElo "2662"]
[BlackElo "2329"]
[Result "1-0"]
[Round "08"]
[TimeControl "180+1"]
[Date "2022.02.22"]
[WhiteClock "0:00:12"]
[BlackClock "0:00:01"]

1. e4 e5 2. Nf3 Nc6 3. Bc4 Bc5 4. b4 Bxb4 5. c3 Be7 6. d4 Na5 7. Bd3 d6 8. dxe5 dxe5 9. Nxe5 Nf6 10. O-O O-O 11. Qc2 c5 12. Nd2 Qc7 13. Nef3 c4 14. Be2 h6 15. Nd4 a6 16. f4 Bg4 17. N2f3 b5 18. h3 Bxf3 19. Bxf3 Rad8 20. e5 Nd5 21. Nf5 Bc5+ 22. Kh1 Ne7 23. Ng3 Nd5 24. Nh5 b4 25. Bxd5 Rxd5 26. cxb4 Bxb4 27. Be3 Bc5 28. Rae1 Bxe3 29. Rxe3 Rfd8 30. Rg3 g6 31. Nf6+ Kg7 32. Nxd5 Rxd5 33. e6 Qe7 34. f5 Qf6 35. exf7 g5 36. Re3 Nc6 37. Re6 Nd4 38. Rxf6 1-0


[Site "https://www.chess.com"]

[Event "Titled Tuesday Blitz February 22 Early 2022"]
[White "Zierk, Steven"]
[Black "Vokhidov, Shamsiddin"]
[WhiteFideId "2034255"]
[BlackFideId "14204223"]
[WhiteElo "2494"]
[BlackElo "2611"]
[Result "1/2-1/2"]
[Round "08"]
[TimeControl "180+1"]
[Date "2022.02.22"]
[WhiteClock "0:00:04"]
[BlackClock "0:00:11"]

1. b3 d5 2. Bb2 Bg4 3. Nf3 e6 4. d3 Bxf3 5. exf3 Nf6 6. g3 g6 7. Bg2 Bg7 8. O-O O-O 9. f4 Nbd7 10. Nd2 a5 11. a3 Ne8 12. Bxg7 Kxg7 13. c4 c6 14. b4 Nd6 15. Qc2 axb4 16. axb4 Qf6 17. Rab1 Ra3 18. b5 Rc3 19. Qa2 Rxd3 20. bxc6 bxc6 21. Rfc1 Rb8 22. Rxb8 Nxb8 23. cxd5 cxd5 24. Nf3 Rc3 25. Rb1 Nc6 26. h4 Ne4 27. Ng5 Qd4 28. Bxe4 dxe4 29. Rb7 Nd8 30. Rxf7+ Kg8 31. Qa7 Rxg3+ 32. Kh2 Qxa7 33. Rxa7 Rd3 34. Ra8 Kf8 35. Nxe6+ Ke7 36. Nxd8 Rxd8 37. Ra4 Kf6 38. Rxe4 Kf5 39. Re7 Kxf4 40. Rxh7 Kg4 41. Rh6 1/2-1/2


[Site "https://www.chess.com"]

[Event "Titled Tuesday Blitz February 22 Early 2022"]
[White "Zlatin, Alexander"]
[Black "Sarkar, Justin"]
[WhiteFideId "2810549"]
[BlackFideId "2010011"]
[WhiteElo "2228"]
[BlackElo "2038"]
[Result "1-0"]
[Round "08"]
[TimeControl "180+1"]
[Date "2022.02.22"]
[WhiteClock "0:00:15"]
[BlackClock "0:00:02"]

1. e4 e5 2. Nf3 Nc6 3. Bc4 Bc5 4. c3 Nf6 5. d4 exd4 6. b4 Bb6 7. e5 d5 8. exf6 dxc4 9. Qe2+ Be6 10. fxg7 Rg8 11. b5 d3 12. Qe4 Ne7 13. Qxh7 Qd5 14. Ba3 Bf5 15. Qxg8+ Nxg8 16. O-O O-O-O 17. Re1 Bc5 18. Bxc5 Qxc5 19. Re5 Qxe5 20. Nxe5 d2 21. Nxd2 Rxd2 22. Re1 f6 23. Nf7 Kd7 24. g4 Bd3 25. g5 fxg5 26. Nxg5 Rxa2 27. Re5 Re2 28. Rd5+ Ke7 29. Rc5 Kf6 30. h4 Kxg7 31. Rxc7+ Re7 32. Rc5 Nf6 33. Rc8 Ne4 34. Nf3 Rc7 35. Rxc7+ Kf6 36. Rxb7 Be2 37. Nd4 Bd1 38. Rxa7 Nxc3 39. b6 Nd5 40. b7 1-0


[Site "https://www.chess.com"]